 Dungeon Crawl Stone Soup version 0.25.1-2-g60ff931df9 (webtiles) character file.

Game seed: 2796845080441998723

144 Descartes the Shield-Bearer (level 5, -3/41 HPs)
             Began as a Formicid Fighter on Aug 5, 2020.
             Killed by divine providence
             ... invoked by an orc priest
              (11 damage)
             ... on level 3 of the Dungeon.
             The game lasted 00:06:43 (2902 turns).

Descartes the Shield-Bearer (Formicid Fighter)      Turns: 2902, Time: 00:06:45

Health: -3/41      AC:  8    Str: 21    XL:     5   Next: 51%
Magic:  5/5        EV:  9    Int:  8    God:
Gold:   247        SH: 10    Dex: 10    Spells: 4/4 levels left

rFire    . . .     SeeInvis +   m - +4 dagger
rCold    . . .     Gourm    .   c - +0 kite shield
rNeg     . . .     Faith    .   b - +0 scale mail
rPois    .         Spirit   .   (helmet unavailable)
rElec    .         Reflect  .   y - +0 cloak
rCorr    .         Harm     .   (no gloves)
MR       .....                  (no boots)
Stlth    ..........             (no amulet)
HPRegen  0.13/turn              (no ring)
MPRegen  0.09/turn              (no ring)

@: no status effects
A: permanent stasis, dig shafts and tunnels, four strong arms, antennae 3
a: Dig, Shaft Self


You were on level 3 of the Dungeon.
You were hungry.

You visited 1 branch of the dungeon, and saw 4 of its levels.

You collected 247 gold pieces.

Inventory:

Hand Weapons
 a - a +0 long sword
 m - a +4 dagger (weapon)
Missiles
 i - 37 poisoned darts (quivered)
 j - 93 stones
 r - a throwing net
 s - 19 bolts
 w - 71 arrows
Armour
 b - a +0 scale mail (worn)
 c - a +0 kite shield (worn)
 y - a +0 cloak (worn)
Scrolls
 e - a scroll of remove curse {unknown}
 h - a scroll of magic mapping {unknown}
 k - 2 scrolls of enchant weapon {unknown}
 o - a scroll of fear {unknown}
 p - a scroll of identify {unknown}
 q - 4 scrolls of teleportation {unknown}
 t - a scroll of amnesia {unknown}
 u - a scroll of immolation {unknown}
Potions
 d - a potion of might
 g - 2 potions of curing {unknown}
 l - a potion of cancellation {unknown}
 n - a potion of stabbing {unknown}
 x - a potion of haste {unknown}
 z - a potion of lignification {unknown}
 A - a potion of berserk rage {unknown}
 B - a potion of ambrosia {unknown}
Comestibles
 f - 10 rations
 v - 4 chunks of flesh


   Skills:
 - Level 3.3 Fighting
 - Level 2.0 Long Blades
 - Level 3.3 Armour
 + Level 6.9 Shields


You had 4 spell levels left.
You didn't know any spells.
Your spell library was empty.

Dungeon Overview and Level Annotations

Branches:
Dungeon (4/15)
 Temple: D:4-7

Altars:
Dithmenos


Innate Abilities, Weirdness & Mutations

You cannot be hasted, slowed, berserked, paralysed or teleported.
You can dig through walls and to a lower floor.
Your four strong arms can wield two-handed weapons with a shield.
You have a pair of large antennae on your head. (SInv)


Message History

The orc priest mumbles some strange prayers to Beogh against you.
Beogh smites you!
You hit the orc priest but do no damage.
The orc priest is almost dead.
You block the orc's attack. The orc closely misses you.
You hit the orc priest but do no damage.
The orc priest is almost dead.
You block the orc priest's attack. You block the orc's attack.
You are feeling hungry.
You hit the orc priest but do no damage.
The orc priest is almost dead.
The orc hits you but does no damage. You block the orc priest's attack.
The orc hits you with a +0 short sword.
You hit the orc priest but do no damage.
The orc priest is almost dead.
The orc hits you with a +0 vorpal war axe.
* * * LOW HITPOINT WARNING * * *
x2 The orc priest invokes the aid of Beogh against you.
Beogh smites you!
You die...

#.......####..#..#.##.#
####.#### ##...##.##.#
#......# ######.##.#
#)#.##.######## #.##.#
#.#.##.##.....# #.##.#
#.#.....#.###.###.##.#
#.####..#.# #.........
#.####o.#.###.########
#...o@o.#.....# #
#######.....### #
####### # # #


You could see an orc priest and 2 orcs.

Vanquished Creatures
  An orc wizard (D:2)
  5 adders
  2 oozes
  A dart slug (D:2)
  A leopard gecko (D:3)
  6 orcs
  6 bats
  A giant cockroach (D:3)
  7 goblins
  9 hobgoblins
  A quokka (D:2)
  A ball python (D:3)
  A ball python skeleton (D:2)
  4 frilled lizards
  6 kobolds
  5 rats
57 creatures vanquished.

Notes
Turn   | Place    | Note
-------+----------+-------------------------------------------
     0 | D:1      | Descartes the Formicid Fighter began the quest for the Orb.
     0 | D:1      | Reached XP level 1. HP: 18/18 MP: 1/1
   216 | D:1      | Reached skill level 4 in Shields
   315 | D:1      | Reached XP level 2. HP: 21/24 MP: 2/2
   598 | D:1      | Reached XP level 3. HP: 25/29 MP: 3/3
  1113 | D:2      | Reached skill level 5 in Shields
  1566 | D:2      | Found a shadowy altar of Dithmenos.
  1756 | D:2      | Reached XP level 4. HP: 21/35 MP: 4/4
  1758 | D:2      | Reached skill level 6 in Shields
  2118 | D:3      | Reached XP level 5. HP: 39/41 MP: 5/5
  2902 | D:3      | Killed from afar by an orc priest

Illustrated notes

Levels and vault maps discovered:
D:1:      minmay_arrival_four_loops, layout_loops_corners
D:2:      layout_rooms, minmay_misc_feat_chi, roderic_serpentine_path,
          minmay_liquid_box, grunt_dithmenos_smoke_and_mirrors
D:3:      layout_loops_cross, first_ration, kennysheep_pointless_box,
          kennysheep_doodads
D:4:      layout_basic, kennysheep_slug_shrine, temple_hall, serial_shops, shop,
          grunt_ministairs_12, kennysheep_generic_room_4, uniq_robin,
          uniq_eustachio, uniq_duvessa

Skill      XL: |  1  2  3  4 |
---------------+-------------+-----
Shields        | 4 5 6 |  6.9
Fighting       | |  3.3
Long Blades    | |  2.0
Armour         | |  3.3

Action                   |  1- 3 |  4- 6 || total
-------------------------+-------+-------++-------
Melee: Long sword        |    87 |     2 ||    89
       Dagger            |       |   106 ||   106
  Eat: Chunk             |     3 |     3 ||     6
Armor: Scale mail        |    26 |    34 ||    60
Dodge: Dodged            |    30 |    35 ||    65
Block: Kite shield       |    62 |    66 ||   128
       Rpst.: Long sword |    11 |     1 ||    12
